[Event "Titled Tuesday Blitz April 18 Late 2023"]
[White "brm72"]
[Black "Rosenberg, Evan S"]
[BlackFideId "2019299"]
[WhiteElo "2614"]
[BlackElo "2286"]
[Result "0-1"]
[Round "01"]
[TimeControl "180+2"]
[Date "2023.04.18"]
[WhiteClock "0:00:01"]
[BlackClock "0:00:07"]

1. d4 d5 2. c4 e6 3. Nf3 c5 4. cxd5 exd5 5. g3 Nf6 6. Bg2 Nc6 7. O-O Be7 8. b3 Ne4 9. Bb2 Bf6 10. e3 O-O 11. Nbd2 Bg4 12. h3 Bh5 13. g4 Bg6 14. Rc1 Nb4 15. Nxe4 dxe4 16. Ne1 cxd4 17. Bxd4 Bxd4 18. exd4 Nxa2 19. Rc4 a5 20. Nc2 b5 21. Rc5 b4 22. Re1 Nc3 23. Qd2 Rc8 24. Rxc8 Qxc8 25. Ne3 Rd8 26. h4 h5 27. gxh5 Bxh5 28. Ra1 Qc7 29. d5 Bf3 30. Bxf3 exf3 31. Qd3 Qe7 32. Qc4 Qf6 33. Rxa5 Qg6+ 34. Kh2 Re8 35. Qg4 Qd6+ 36. Qg3 Qd8 37. Ng4 Kh7 38. Ra7 Qxd5 39. h5 Ne2 40. Qh3 Qd6+ 41. Kh1 Nf4 42. Qg3 Qd1+ 43. Kh2 Re1 44. Nf6+ Kh6 0-1


[Site "https://www.chess.com"]

[Event "Titled Tuesday Blitz April 18 Late 2023"]
[White "Nemsko"]
[Black "Di Berardino, Diego Rafael"]
[BlackFideId "2105446"]
[WhiteElo "2285"]
[BlackElo "2432"]
[Result "0-1"]
[Round "01"]
[TimeControl "180+2"]
[Date "2023.04.18"]
[WhiteClock "0:00:12"]
[BlackClock "0:00:16"]

1. d4 d5 2. Nc3 c5 3. dxc5 d4 4. Ne4 e5 5. e3 Nf6 6. Nxf6+ Qxf6 7. exd4 exd4 8. Nf3 Bxc5 9. Bg5 Qb6 10. Bd3 O-O 11. O-O Bg4 12. h3 Bh5 13. Be4 Nc6 14. Qd3 Bg6 15. Bxg6 hxg6 16. Qb3 Qc7 17. Rfe1 Rfe8 18. a3 a6 19. Rad1 Ba7 20. Qd3 Rac8 21. Rxe8+ Rxe8 22. Re1 Rxe1+ 23. Nxe1 Ne5 24. Qe4 Nc4 25. Nf3 Nd6 26. Qe5 Qc5 27. Bf4 Qxe5 28. Bxe5 Nc4 29. Bxd4 Bxd4 30. Nxd4 Nxb2 31. Kf1 Nc4 32. a4 Nb2 33. a5 Nc4 34. Nb3 Kf8 35. Ke2 Ke7 36. Kd3 Ne5+ 37. Kd4 Kd6 38. Nc5 Nc6+ 39. Kc4 Nxa5+ 40. Kb4 Nc6+ 41. Kc4 b5+ 0-1


[Site "https://www.chess.com"]

[Event "Titled Tuesday Blitz April 18 Late 2023"]
[White "StarkyNZ"]
[Black "Sabuk, Piotr"]
[BlackFideId "1137565"]
[WhiteElo "2280"]
[BlackElo "2298"]
[Result "0-1"]
[Round "01"]
[TimeControl "180+2"]
[Date "2023.04.18"]
[WhiteClock "0:00:41"]
[BlackClock "0:00:27"]

1. d4 Nf6 2. e3 d5 3. c4 e6 4. Nc3 Be7 5. Bd3 O-O 6. Nge2 dxc4 7. Bxc4 a6 8. a4 c5 9. O-O Nc6 10. d5 Na5 11. Ba2 c4 12. dxe6 Bxe6 13. Nd4 Bg4 14. f3 Bd7 15. Kh1 Bc5 16. e4 Qb6 17. Be3 Rad8 18. Nce2 Rfe8 19. Qe1 Bxa4 20. Qg3 Nb3 21. Bxb3 Bxb3 22. Nf5 g6 23. Bg5 Rd3 24. Nf4 Nxe4 25. fxe4 Rxg3 26. Nh6+ Kg7 27. hxg3 c3 28. Nd5 Bxd5 29. exd5 f5 30. bxc3 Bd6 31. Rab1 Qc7 32. g4 f4 33. c4 b6 34. Bh4 Kxh6 35. Bf6 g5 0-1


[Site "https://www.chess.com"]

[Event "Titled Tuesday Blitz April 18 Late 2023"]
[White "Ambartsumova, Karina"]
[Black "Onslow, Alfie"]
[WhiteFideId "4166299"]
[BlackFideId "436976"]
[WhiteElo "2240"]
[BlackElo "2114"]
[Result "1-0"]
[Round "01"]
[TimeControl "180+2"]
[Date "2023.04.18"]
[WhiteClock "0:00:15"]
[BlackClock "0:00:01"]

1. e4 g6 2. d4 Bg7 3. Nc3 c6 4. h3 d5 5. e5 h5 6. Nf3 Nh6 7. Bg5 Qb6 8. a3 Bf5 9. Bd3 Bxd3 10. Qxd3 e6 11. O-O Nd7 12. b4 a5 13. Na4 Qb5 14. Qxb5 cxb5 15. Nc3 O-O 16. Nxb5 Rfc8 17. c3 Nb6 18. Nd2 Na4 19. Rfc1 Rc6 20. Nb3 b6 21. Bd2 Nf5 22. Kf1 Nb2 23. Ke2 a4 24. Rcb1 Nc4 25. Nc1 f6 26. exf6 Bxf6 27. Nd3 Re8 28. g4 hxg4 29. hxg4 Nfd6 30. Nxd6 Rxd6 31. f4 Kg7 32. Rh1 Rdd8 33. Ne5 Bxe5 34. fxe5 Nxd2 35. Kxd2 Rf8 36. Raf1 Rxf1 37. Rxf1 Rh8 38. Rf6 Rh2+ 39. Kd3 Rh3+ 40. Ke2 Rh2+ 41. Rf2 Rh3 42. Kd2 Kh6 43. c4 Rxa3 44. cxd5 Ra2+ 45. Ke3 Rxf2 46. dxe6 Rf8 47. d5 a3 48. e7 Ra8 49. d6 a2 50. d7 a1=Q 51. e8=Q Qc3+ 52. Ke4 Qc4+ 53. Kf3 Qd3+ 54. Kf4 Qc4+ 55. Kg3 Qc3+ 56. Kf4 Qxb4+ 57. Ke3 Rxe8 58. dxe8=Q Qc5+ 59. Ke4 Qc4+ 60. Ke3 Qc3+ 61. Ke4 Qc4+ 62. Kf3 Qd3+ 63. Kf2 Qd2+ 64. Kf3 Qd3+ 65. Kf2 Qd4+ 66. Kf1 Qf4+ 67. Ke1 Qe3+ 68. Kd1 Qd3+ 69. Kc1 Qc3+ 70. Kb1 Qb4+ 71. Ka2 Qc4+ 72. Ka3 Qc3+ 73. Ka4 Qc4+ 74. Ka3 Qd3+ 75. Kb2 Qd2+ 76. Kb3 Qd3+ 77. Kb4 Qd4+ 78. Kb5 Qc5+ 79. Ka6 Qa5+ 80. Kb7 1-0


[Site "https://www.chess.com"]

[Event "Titled Tuesday Blitz April 18 Late 2023"]
[White "Battlecruiser_Operational"]
[Black "Suder, Jakub"]
[BlackFideId "1195310"]
[WhiteElo "2268"]
[BlackElo "2287"]
[Result "0-1"]
[Round "01"]
[TimeControl "180+2"]
[Date "2023.04.18"]
[WhiteClock "0:00:02"]
[BlackClock "0:00:06"]

1. d4 d5 2. c4 dxc4 3. Nc3 a6 4. a4 Nc6 5. Nf3 Nf6 6. Bg5 Nd5 7. e4 Nxc3 8. bxc3 Bg4 9. Bxc4 Qd6 10. Qb3 f6 11. Be3 Na5 12. Bf7+ Kd8 13. Qd5 Qxd5 14. Bxd5 e6 15. Ba2 Nc6 16. Ke2 e5 17. Rab1 b6 18. Bd5 Kd7 19. h3 Bxf3+ 20. Kxf3 Bd6 21. Rhd1 Raf8 22. Bc4 Nb8 23. Ke2 Kc8 24. g3 Kb7 25. f4 Nd7 26. Be6 Nb8 27. Kf3 Re8 28. Bd5+ Kc8 29. f5 g6 30. g4 Nd7 31. Be6 Re7 32. Rd2 Kb8 33. a5 Nf8 34. Bd5 Nd7 35. Bc6 Ka7 36. c4 exd4 37. Bxd4 Ne5+ 38. Bxe5 Bxe5 39. axb6+ cxb6 40. Rd5 Rc8 41. Ba4 Rxc4 42. Bb3 Rc3+ 43. Kg2 gxf5 44. gxf5 Rg7+ 45. Kf2 a5 46. Ba4 Rgg3 47. Rd7+ Kb8 48. Bb5 Rcf3+ 49. Ke2 Re3+ 50. Kf2 Rgf3+ 51. Kg2 Rg3+ 52. Kf2 Rc3 53. Rbd1 Rc2+ 54. Ke1 Rg1+ 55. Bf1 Bg3# 0-1


[Site "https://www.chess.com"]

[Event "Titled Tuesday Blitz April 18 Late 2023"]
[White "Srinath, Rao S.V."]
[Black "Boder, Jan"]
[WhiteFideId "5028876"]
[BlackFideId "16243226"]
[WhiteElo "2196"]
[BlackElo "2241"]
[Result "0-1"]
[Round "01"]
[TimeControl "180+2"]
[Date "2023.04.18"]
[WhiteClock "0:00:03"]
[BlackClock "0:00:03"]

1. d4 Nf6 2. c4 c5 3. e3 g6 4. Nf3 Bg7 5. Be2 cxd4 6. exd4 d5 7. c5 O-O 8. O-O b6 9. cxb6 Qxb6 10. Nc3 Nc6 11. Na4 Qc7 12. Bg5 Ne4 13. Bh4 Qa5 14. Rc1 Bd7 15. b3 e6 16. a3 Rfc8 17. Nc5 Nxc5 18. Rxc5 Qxa3 19. Bb5 Qb4 20. Ba6 Rcb8 21. Bg3 Nxd4 22. Rc7 Bb5 23. Bxb5 Rxb5 24. Nxd4 Qxd4 25. Qf3 Qf6 26. Qd3 a6 27. h4 Rab8 28. Ra7 Rxb3 29. Qxa6 Re8 30. Qc6 Rd8 31. Qc7 Rxg3 32. Qxg3 e5 33. Rc7 d4 34. Rd1 e4 35. Qg5 d3 36. Qg4 Qf5 37. Qxf5 gxf5 38. Rc5 f4 39. Rc4 Re8 40. Re1 f5 41. Rc5 d2 42. Rd1 e3 43. fxe3 fxe3 44. Rxf5 e2 45. Rff1 exd1=Q 46. Rxd1 Re1+ 47. Kf2 Rxd1 0-1


[Site "https://www.chess.com"]

[Event "Titled Tuesday Blitz April 18 Late 2023"]
[White "De Souza, Cristiano Gomes"]
[Black "Janaszak, Dawid"]
[WhiteFideId "2151758"]
[BlackFideId "1119206"]
[WhiteElo "2068"]
[BlackElo "2220"]
[Result "0-1"]
[Round "01"]
[TimeControl "180+2"]
[Date "2023.04.18"]
[WhiteClock "0:00:46"]
[BlackClock "0:01:17"]

1. d4 Nf6 2. c4 e6 3. Nf3 c5 4. d5 exd5 5. cxd5 d6 6. Nc3 g6 7. h3 Bg7 8. e4 O-O 9. Bd3 a6 10. a4 Nbd7 11. O-O Re8 12. Re1 Qc7 13. Bf4 Nh5 14. Bh2 Ne5 15. Be2 Qb6 16. Rb1 Nxf3+ 17. Bxf3 Nf6 18. e5 dxe5 19. Bxe5 Bf5 20. Bxf6 Bxf6 21. Ne4 Bd4 22. Qd2 Rad8 23. b4 Bxe4 24. Bxe4 Qf6 25. bxc5 Bc3 26. Qc2 Bxe1 27. Rxe1 Rxd5 28. Re3 Rdd8 29. Bxb7 Rxe3 30. fxe3 Qa1+ 31. Kh2 Qe5+ 32. g3 Qxe3 33. Bg2 Rd3 34. g4 Rc3 35. Qd1 Qxc5 0-1


[Site "https://www.chess.com"]

[Event "Titled Tuesday Blitz April 18 Late 2023"]
[White "Kleiman, Jake"]
[Black "Harshal, Shahi"]
[WhiteFideId "2020041"]
[BlackFideId "5048257"]
[WhiteElo "2606"]
[BlackElo "2054"]
[Result "1-0"]
[Round "01"]
[TimeControl "180+2"]
[Date "2023.04.18"]
[WhiteClock "0:01:11"]
[BlackClock "0:00:29"]

1. d4 d5 2. Bf4 Nf6 3. e3 c5 4. c3 Nc6 5. Nd2 Bf5 6. Qb3 Qb6 7. Ngf3 c4 8. Qxb6 axb6 9. a3 b5 10. Rc1 e6 11. Be2 h6 12. h3 Be7 13. O-O O-O 14. Bd1 Bd3 15. Re1 Nd7 16. e4 f5 17. exd5 exd5 18. Bc2 Bxc2 19. Rxc2 Rae8 20. Nf1 g5 21. Bc1 Nf6 22. Rce2 Ne4 23. Ne3 Rd8 24. Nh2 Bd6 25. Nhf1 Bc7 26. f3 Nf6 27. Nxf5 Kh7 28. g4 Kg6 29. Re6 Rde8 30. Kf2 Kh7 31. Rxf6 Rxe1 32. Rxf8 Rxc1 33. Rf7+ Kh8 34. Rxc7 Rc2+ 35. Ke1 Rxb2 36. N1e3 Rb3 37. Nxd5 1-0


[Site "https://www.chess.com"]

[Event "Titled Tuesday Blitz April 18 Late 2023"]
[White "Antonio, Jorge Carlos"]
[Black "Lizak, Peter"]
[WhiteFideId "113190"]
[BlackFideId "731595"]
[WhiteElo "2247"]
[BlackElo "2420"]
[Result "0-1"]
[Round "01"]
[TimeControl "180+2"]
[Date "2023.04.18"]
[WhiteClock "0:00:03"]
[BlackClock "0:00:12"]

1. d4 Nf6 2. Nf3 c5 3. e3 d5 4. c3 Nc6 5. dxc5 g6 6. b4 Bg7 7. Bb2 O-O 8. Qc2 Bf5 9. Bd3 Bxd3 10. Qxd3 Ne4 11. a3 a5 12. O-O axb4 13. axb4 Rxa1 14. Bxa1 Nxb4 15. cxb4 Bxa1 16. Nbd2 Nxd2 17. Qxd2 Bf6 18. g3 e6 19. h4 Qd7 20. e4 Ra8 21. Rd1 Ra4 22. h5 gxh5 23. Qh6 Bg7 24. Qxh5 Rxb4 25. exd5 h6 26. d6 Rc4 27. Ne5 Rxc5 28. Nxd7 Rxh5 29. Nb6 Bf6 30. d7 Bd8 31. Nc8 Rd5 32. Rxd5 exd5 33. Nd6 Kf8 34. Nxb7 Ke7 35. Nc5 Bb6 36. Nd3 Kxd7 37. Kf1 Ke6 38. Ke2 Kf5 39. f3 h5 40. Nf4 h4 41. Nxd5 h3 42. Kf1 Bd4 43. Nf4 Be5 44. Nxh3 Bxg3 45. Kg2 Be5 46. Nf2 Kf4 47. Ng4 Bg7 48. Nf2 f5 49. Nh3+ Ke3 50. Ng1 Be5 51. Nh3 Bg7 52. Ng1 Bh6 53. Nh3 f4 0-1


[Site "https://www.chess.com"]

[Event "Titled Tuesday Blitz April 18 Late 2023"]
[White "Martinez Reyes, Pedro Ramon"]
[Black "Estremera Panos, Sergio"]
[WhiteFideId "3901807"]
[BlackFideId "2200864"]
[WhiteElo "2340"]
[BlackElo "2253"]
[Result "1-0"]
[Round "01"]
[TimeControl "180+2"]
[Date "2023.04.18"]
[WhiteClock "0:01:10"]
[BlackClock "0:01:25"]

1. d3 d5 2. Nf3 Nf6 3. g3 Bf5 4. Bg2 c6 5. O-O h6 6. Nc3 e6 7. Re1 Be7 8. Nd4 Bh7 9. e4 O-O 10. exd5 cxd5 11. Bf4 Nc6 12. Nce2 Rc8 13. c3 Qb6 14. Qd2 Bc5 15. Be3 Ng4 16. b4 Bxd4 17. Bxd4 Nxd4 18. Nxd4 Nf6 19. Bh3 Qc7 20. Rac1 Rfe8 21. f4 Qb6 22. Qe3 a5 23. a3 axb4 24. axb4 Qa6 25. Bf1 Qa3 26. Qd2 Qa7 27. Qf2 Ng4 28. Qe2 h5 29. h3 Nh6 30. Qf2 Qa3 31. Nb5 Qa4 32. Nd6 Nf5 33. Nxe8 Rxe8 34. Kh2 Qb3 35. Qc2 Qxc3 36. Qxc3 1-0


[Site "https://www.chess.com"]

[Event "Titled Tuesday Blitz April 18 Late 2023"]
[White "Torres Hernandez, Leslie Carolin"]
[Black "Krishnan, Varun"]
[WhiteFideId "8400504"]
[BlackFideId "5054508"]
[WhiteElo "1920"]
[BlackElo "2603"]
[Result "0-1"]
[Round "01"]
[TimeControl "180+2"]
[Date "2023.04.18"]
[WhiteClock "0:00:57"]
[BlackClock "0:00:27"]

1. e4 e5 2. Nf3 Nc6 3. Bb5 a6 4. Ba4 Nf6 5. O-O Be7 6. c3 b5 7. Bb3 O-O 8. Re1 d5 9. exd5 Nxd5 10. d4 exd4 11. Nxd4 Nxd4 12. Qxd4 Bb7 13. Nd2 Bf6 14. Qg4 Re8 15. Rxe8+ Qxe8 16. Nf3 Qe2 17. Bg5 Qxb2 18. Re1 Bxc3 19. Rd1 Nf6 20. Bxf6 Bxf6 21. Qd7 Rf8 22. Qxc7 Bxf3 23. gxf3 a5 24. Rd7 a4 25. Bxf7+ Rxf7 26. Rxf7 Qb1+ 27. Kg2 Qg6+ 0-1


[Site "https://www.chess.com"]

[Event "Titled Tuesday Blitz April 18 Late 2023"]
[White "cryptoguru02"]
[Black "Harish, Neeraj"]
[BlackFideId "30958130"]
[WhiteElo "2601"]
[BlackElo "1965"]
[Result "1-0"]
[Round "01"]
[TimeControl "180+2"]
[Date "2023.04.18"]
[WhiteClock "0:01:02"]
[BlackClock "0:00:04"]

1. d4 d5 2. c4 e6 3. Nc3 Nf6 4. Nf3 Be7 5. Bf4 O-O 6. e3 Nbd7 7. c5 c6 8. Bd3 b6 9. b4 a5 10. a3 Ba6 11. O-O Bxd3 12. Qxd3 h6 13. h3 Re8 14. Bh2 Bf8 15. Rfb1 axb4 16. axb4 Qc8 17. Rc1 Qb7 18. Qc2 Rxa1 19. Rxa1 Ra8 20. Ra4 Ne4 21. g4 Nxc3 22. Rxa8 Qxa8 23. Qxc3 bxc5 24. bxc5 Qb7 25. Kg2 f6 26. Nd2 e5 27. dxe5 fxe5 28. Bxe5 Nxe5 29. Qxe5 Bxc5 30. Qe6+ Kh8 31. Nf3 Qe7 32. Qxc6 Qd6 33. Qxd6 Bxd6 34. Nd4 Kg8 35. Nf5 Bb8 36. Ne7+ Kf7 37. Nxd5 Ke6 38. Nc3 1-0


[Site "https://www.chess.com"]

[Event "Titled Tuesday Blitz April 18 Late 2023"]
[White "Garmash, Aliona"]
[Black "Kanakaris, Georgios"]
[WhiteFideId "34127620"]
[BlackFideId "4209460"]
[WhiteElo "1959"]
[BlackElo "2291"]
[Result "1-0"]
[Round "01"]
[TimeControl "180+2"]
[Date "2023.04.18"]
[WhiteClock "0:00:02"]
[BlackClock "0:00:05"]

1. d4 Nf6 2. c4 g6 3. Nc3 Bg7 4. e4 d6 5. Nf3 O-O 6. Be2 e5 7. Be3 Ng4 8. Bg5 f6 9. Bh4 Nc6 10. d5 Ne7 11. Nd2 Nh6 12. f3 g5 13. Bf2 f5 14. O-O f4 15. c5 Rf6 16. Nc4 Nf7 17. cxd6 cxd6 18. Nb5 b6 19. Rc1 Bd7 20. a4 Rh6 21. Qb3 Bf8 22. Nd2 Kh8 23. Nc7 Rc8 24. Ne6 Qe8 25. Ba6 Rxc1 26. Rxc1 Nd8 27. Nxd8 Qxd8 28. Qc2 Qe8 29. b3 Qh5 30. Qc7 Qxh2+ 31. Kf1 g4 32. Qxd7 Qh1+ 33. Bg1 Rh2 34. Qxg4 Rh4 35. Qg5 Ng6 36. Qf6+ Kg8 37. Rc7 Rh2 38. Qg5 Rh5 39. Qf6 Rh2 40. Qg5 Rh5 41. Qg4 Kh8 42. Kf2 Rh4 43. Qg5 Rh5 44. Qf6+ Kg8 45. Qf7+ Kh8 46. Qf6+ Kg8 47. Bf1 Rh6 48. Nc4 Qh5 49. Nxd6 Bxd6 50. Qxd6 Qh4+ 51. Ke2 Nf8 52. Qe7 Qg3 53. Qf7+ Kh8 54. Qxf8+ Qg8 55. Qxg8+ Kxg8 56. Rxa7 Kf8 57. Bxb6 Ke8 58. Bc5 Rh1 59. b4 h5 60. b5 h4 61. d6 h3 62. d7+ Kd8 63. Bb6+ Ke7 64. d8=Q+ Ke6 65. Qe7# 1-0


[Site "https://www.chess.com"]

[Event "Titled Tuesday Blitz April 18 Late 2023"]
[White "Plotnikov, Pavel"]
[Black "Da Silva Junior, Sediney Mari"]
[WhiteFideId "4170342"]
[BlackFideId "2132079"]
[WhiteElo "2298"]
[BlackElo "1977"]
[Result "1-0"]
[Round "01"]
[TimeControl "180+2"]
[Date "2023.04.18"]
[WhiteClock "0:00:20"]
[BlackClock "0:00:10"]

1. d4 Nf6 2. c4 e6 3. Nc3 Bb4 4. Qc2 O-O 5. e3 d5 6. Nf3 c5 7. dxc5 Bxc5 8. a3 a5 9. cxd5 Nxd5 10. Nxd5 Qxd5 11. Bc4 Qh5 12. h3 b6 13. g4 Qg6 14. Bd3 f5 15. gxf5 exf5 16. Rg1 Qh5 17. Qc3 Ra7 18. Ng5 h6 19. Bc4+ Kh8 20. Ne6 Bxe6 21. Bxe6 f4 22. b4 fxe3 23. Bxe3 Bd6 24. Bd4 Re7 25. Bxg7+ Kh7 26. Qd3+ Rf5 27. Qxd6 Nc6 28. Qxc6 Re5+ 29. Bxe5 Qxe5+ 30. Kf1 Qxa1+ 31. Kg2 Rg7+ 32. Bg4 axb4 33. Rxa1 1-0


[Site "https://www.chess.com"]

[Event "Titled Tuesday Blitz April 18 Late 2023"]
[White "Coelho, Ramyres Santana"]
[Black "Sokolovsky, Yahli"]
[WhiteFideId "2120690"]
[BlackFideId "2820242"]
[WhiteElo "1888"]
[BlackElo "2316"]
[Result "0-1"]
[Round "01"]
[TimeControl "180+2"]
[Date "2023.04.18"]
[WhiteClock "0:01:20"]
[BlackClock "0:00:57"]

1. e4 d6 2. d4 Nf6 3. Nc3 g6 4. f3 Bg7 5. Be3 c6 6. Qd2 b5 7. O-O-O b4 8. Nce2 a5 9. g4 Ba6 10. Bh6 O-O 11. Bxg7 Kxg7 12. h4 h5 13. g5 Nfd7 14. f4 c5 15. Nf3 a4 16. f5 b3 17. cxb3 axb3 18. a3 Nc6 19. Nf4 Nxd4 20. Nxd4 cxd4 21. fxg6 e5 22. Nxh5+ Kxg6 23. Nf6 Nxf6 24. gxf6 Qc7+ 25. Kb1 Qc2+ 26. Qxc2 bxc2+ 27. Kxc2 Kxf6 28. Bxa6 Rxa6 29. Rdf1+ Ke6 30. h5 Rc8+ 31. Kd2 Rb8 32. Rb1 d5 33. exd5+ Kxd5 34. h6 Rh8 35. h7 f5 36. Rbg1 Ra7 37. Rg5 Raxh7 38. Rxh7 Rxh7 39. Rxf5 Rh2+ 40. Kc1 d3 41. b4 Kd4 42. Rf8 Ke3 43. b5 Rh1+ 44. Kb2 d2 45. Rd8 d1=Q 46. Rxd1 Rxd1 47. a4 Kd4 48. Kc2 Rh1 49. Kb3 Kc5 50. Kc3 Rh3+ 51. Kd2 Kb4 52. b6 Kxa4 53. b7 Rb3 54. b8=Q Rxb8 55. Ke3 Re8 56. Ke4 Ka5 57. Kd5 Kb6 58. Kd6 e4 59. Kd7 Re5 60. Kd6 Rc5 61. Ke6 e3 62. Kd6 e2 63. Ke6 e1=Q+ 64. Kd7 Qd2+ 65. Ke8 Qe3+ 66. Kd8 Qd4+ 67. Ke8 Re5+ 68. Kf7 Qf4+ 69. Kg6 Rg5+ 70. Kh6 Qh4# 0-1


[Site "https://www.chess.com"]

[Event "Titled Tuesday Blitz April 18 Late 2023"]
[White "Ozates, Tuna"]
[Black "Romero Ruscalleda, Josep"]
[WhiteFideId "6354521"]
[BlackFideId "2231859"]
[WhiteElo "2151"]
[BlackElo "2183"]
[Result "1-0"]
[Round "01"]
[TimeControl "180+2"]
[Date "2023.04.18"]
[WhiteClock "0:00:27"]
[BlackClock "0:00:11"]

1. e4 g6 2. d4 Bg7 3. Nc3 d6 4. f4 a6 5. Nf3 b5 6. Bd3 Nd7 7. Be3 Bb7 8. Qe2 Rc8 9. e5 Nh6 10. Be4 Bxe4 11. Nxe4 Nf5 12. Bf2 d5 13. Nc5 Nxc5 14. dxc5 e6 15. O-O-O h5 16. g3 Kd7 17. Ng5 Qe7 18. h3 c6 19. Ne4 Kc7 20. Nd6 Rcd8 21. Qd2 Kb8 22. Qa5 Nxd6 23. cxd6 Qb7 24. Bb6 Rd7 25. Rd3 f6 26. Re1 fxe5 27. fxe5 Rf8 28. g4 hxg4 29. hxg4 Bh6+ 30. Kb1 Rf4 31. Be3 Ra4 32. Qd2 Bxe3 33. Qxe3 Rxg4 34. Qf3 Rg5 35. Qf6 Rg2 36. Qxe6 Ka7 37. a3 Rf7 38. Qe8 Rff2 39. Rc3 d4 40. Rxc6 d3 41. Rc7 Qxc7 42. dxc7 Rxc2 43. Qb8# 1-0


[Site "https://www.chess.com"]

[Event "Titled Tuesday Blitz April 18 Late 2023"]
[White "Kohler, Aran"]
[Black "benny_aizenberg"]
[WhiteFideId "1002856"]
[WhiteElo "2230"]
[BlackElo "2588"]
[Result "0-1"]
[Round "01"]
[TimeControl "180+2"]
[Date "2023.04.18"]
[WhiteClock "0:00:06"]
[BlackClock "0:00:23"]

1. e4 Nf6 2. e5 Nd5 3. Nc3 Nxc3 4. dxc3 Nc6 5. Bf4 d6 6. Bb5 Bd7 7. Bxc6 Bxc6 8. Nf3 e6 9. O-O Be7 10. Qe2 O-O 11. Rad1 Bxf3 12. Qxf3 d5 13. c4 c6 14. cxd5 cxd5 15. c4 d4 16. Qe4 Bc5 17. Be3 Qa5 18. Bxd4 Bxd4 19. Qxd4 Qxa2 20. Qc3 Rac8 21. b3 Qa6 22. Ra1 Qb6 23. Rfb1 a6 24. h3 Rfd8 25. b4 Qd4 26. Qxd4 Rxd4 27. c5 Re4 28. Ra5 g6 29. g3 Kg7 30. f4 Rd4 31. Ra2 Rcd8 32. Rbb2 Rc4 33. Kh2 Rd3 34. h4 Rcc3 35. Rg2 Rb3 36. c6 bxc6 37. Rxa6 Rdc3 38. Rb6 h5 39. Rb7 Rc4 40. Rd2 Rcxb4 41. Rxb4 Rxb4 42. Rc2 Rb6 43. Kg2 Kf8 44. Kf3 Ke7 45. Ke4 Kd7 0-1


[Site "https://www.chess.com"]

[Event "Titled Tuesday Blitz April 18 Late 2023"]
[White "Pinheiro, Iung Alicio de O."]
[Black "Ramadoss, Ashokkumar"]
[WhiteFideId "2104350"]
[BlackFideId "5040990"]
[WhiteElo "2283"]
[BlackElo "2226"]
[Result "1-0"]
[Round "01"]
[TimeControl "180+2"]
[Date "2023.04.18"]
[WhiteClock "0:00:35"]
[BlackClock "0:00:23"]

1. e4 e6 2. d4 d5 3. e5 c5 4. c3 Qb6 5. Nf3 Nc6 6. Bd3 cxd4 7. O-O Nh6 8. h3 Bd7 9. Re1 Nf5 10. Nbd2 Be7 11. Nb3 dxc3 12. bxc3 a5 13. Rb1 Qc7 14. Bxf5 exf5 15. Nbd4 Nxd4 16. Nxd4 O-O 17. e6 fxe6 18. Nxe6 Bxe6 19. Rxe6 Rad8 20. Qe2 Bc5 21. Bg5 Rd7 22. Qf3 b6 23. Bf4 Qd8 24. Rbe1 d4 25. cxd4 Rxd4 26. Be5 Rd2 27. Re2 Rd1+ 28. Kh2 Qd5 29. Qg3 g6 30. Rxg6+ 1-0


[Site "https://www.chess.com"]

[Event "Titled Tuesday Blitz April 18 Late 2023"]
[White "Sariego Figueredo, Wilfredo"]
[Black "Vovk, Orest"]
[WhiteFideId "3500080"]
[BlackFideId "14113490"]
[WhiteElo "2309"]
[BlackElo "2215"]
[Result "0-1"]
[Round "01"]
[TimeControl "180+2"]
[Date "2023.04.18"]
[WhiteClock "0:00:13"]
[BlackClock "0:00:08"]

1. d4 h6 2. Bf4 g5 3. Bg3 Bg7 4. e4 c5 5. c3 Qb6 6. Qb3 cxd4 7. cxd4 Qxb3 8. axb3 Bxd4 9. Bxb8 Rxb8 10. Nc3 a6 11. Nf3 Bg7 12. Bc4 d6 13. O-O Nf6 14. Rfe1 O-O 15. Nd5 Nxd5 16. exd5 Bxb2 17. Ra2 Bf6 18. Nd2 b5 19. Bd3 Bb7 20. Ne4 Bxd5 21. Nxf6+ exf6 22. Rxa6 Bxb3 23. Rxd6 Be6 24. h3 b4 25. Rb1 Rfd8 26. Rxd8+ Rxd8 27. Bc2 Rb8 28. Bb3 Bxb3 29. Rxb3 f5 30. f4 gxf4 31. Kf2 Kg7 32. Kf3 Kf6 33. Kxf4 Ke6 34. h4 Rb5 35. Ke3 Kd5 36. Kd3 f4 37. Rb2 b3 38. Kc3 Ke4 39. Re2+ Kf5 40. Kb2 Kg4 41. Re7 Kxh4 42. Rxf7 Kg3 43. Rg7+ Kf2 44. Rg4 Rb4 45. Rg6 h5 46. Rg5 h4 47. Rg4 f3 48. Rxb4 fxg2 49. Rxh4 g1=Q 50. Rf4+ Ke3 51. Rb4 Kd2 52. Rd4+ Qxd4+ 53. Kxb3 Qc5 54. Ka4 Qb6 55. Ka3 Kc3 56. Ka2 Qb2# 0-1


[Site "https://www.chess.com"]

[Event "Titled Tuesday Blitz April 18 Late 2023"]
[White "Dare-Dare"]
[Black "BebeBonito2022"]
[WhiteElo "2583"]
[BlackElo "2222"]
[Result "1-0"]
[Round "01"]
[TimeControl "180+2"]
[Date "2023.04.18"]
[WhiteClock "0:02:24"]
[BlackClock "0:01:44"]

1. Nf3 f6 2. c4 Nh6 3. Nc3 Nf7 4. d4 g6 5. e4 Bg7 6. h4 h5 7. Bd3 d6 8. e5 f5 9. exd6 exd6 10. Bg5 Bf6 11. Qd2 Nc6 12. Nd5 Bxg5 13. hxg5 Kf8 14. O-O-O Kg7 15. Rde1 a5 16. a3 Ne7 17. Nxe7 1-0


[Site "https://www.chess.com"]

[Event "Titled Tuesday Blitz April 18 Late 2023"]
[White "Hon, Eric"]
[Black "Vlassov, Nikolai"]
[WhiteFideId "2097117"]
[BlackFideId "4103360"]
[WhiteElo "1918"]
[BlackElo "2324"]
[Result "0-1"]
[Round "01"]
[TimeControl "180+2"]
[Date "2023.04.18"]
[WhiteClock "0:01:46"]
[BlackClock "0:01:39"]

1. e4 c5 2. Nf3 d6 3. d4 cxd4 4. Nxd4 Nf6 5. Nc3 a6 6. h3 g6 7. g4 Bg7 8. Bg2 O-O 9. O-O Nc6 10. Be3 Bd7 11. f4 Rc8 12. Nce2 Nxd4 13. Bxd4 Bc6 14. Ng3 Qc7 15. Rc1 e5 16. Be3 exf4 17. Bxf4 Qb6+ 18. Kh1 Qxb2 19. Bxd6 Rfe8 20. g5 Nxe4 21. Nxe4 Rxe4 22. Bxe4 Bxe4+ 23. Kh2 Be5+ 24. Bxe5 Qxe5+ 0-1


[Site "https://www.chess.com"]

[Event "Titled Tuesday Blitz April 18 Late 2023"]
[White "Lewicki, Miroslaw"]
[Black "Gardezi, Arsal"]
[WhiteFideId "1113380"]
[BlackFideId "30949521"]
[WhiteElo "2212"]
[BlackElo "1906"]
[Result "1-0"]
[Round "01"]
[TimeControl "180+2"]
[Date "2023.04.18"]
[WhiteClock "0:00:10"]
[BlackClock "0:00:08"]

1. g3 g6 2. Bg2 Bg7 3. Nf3 e6 4. O-O Ne7 5. d4 d5 6. b3 O-O 7. Bb2 c5 8. e3 Nbc6 9. Nbd2 cxd4 10. exd4 Bd7 11. Re1 Rc8 12. Ne5 Nxe5 13. dxe5 Nc6 14. Nf3 Qc7 15. h4 Nb4 16. Re2 Bb5 17. Rd2 Bh6 18. Ng5 Bg7 19. a3 Nc6 20. f4 a5 21. Kh2 Ne7 22. Bd4 Nf5 23. Bf2 h5 24. Bf3 Qc3 25. Rc1 a4 26. bxa4 Bxa4 27. Rd3 Qc7 28. Qe2 Bb5 29. Rb1 Bxd3 30. cxd3 Qc2 31. Qf1 Rfd8 32. Rxb7 Bf8 33. Nxf7 Bc5 34. g4 Bxf2 35. gxf5 Be3+ 36. Qg2 Qxg2+ 37. Kxg2 gxf5 38. Nxd8 Rxd8 39. Bxh5 Rc8 40. Bf7+ Kf8 41. Bxe6 Rc2+ 42. Kf3 Bc1 43. Bxf5 Rh2 44. Be6 Rxh4 45. f5 Ke8 46. f6 Rf4+ 47. Ke2 1-0


[Site "https://www.chess.com"]

[Event "Titled Tuesday Blitz April 18 Late 2023"]
[White "Volkmann, Andre Jordi"]
[Black "Gubajdullin, Alexei"]
[WhiteFideId "2154463"]
[BlackFideId "4141202"]
[WhiteElo "1999"]
[BlackElo "2279"]
[Result "0-1"]
[Round "01"]
[TimeControl "180+2"]
[Date "2023.04.18"]
[WhiteClock "0:00:10"]
[BlackClock "0:00:40"]

1. d4 Nf6 2. c4 g6 3. f3 Bg7 4. e4 d6 5. Nc3 O-O 6. Be3 Nc6 7. Qd2 a6 8. Nge2 Rb8 9. g4 h5 10. g5 Nd7 11. Nc1 e5 12. d5 Nd4 13. Be2 c5 14. a4 b5 15. axb5 axb5 16. Nxb5 Nb6 17. Bxd4 exd4 18. h4 Be5 19. b3 Bd7 20. Nd3 Bxb5 21. cxb5 Bg3+ 22. Kd1 c4 23. Nb4 d3 24. Nc6 dxe2+ 25. Kxe2 Qe8 26. Nxb8 Qxb8 27. b4 c3 28. Qxc3 Be5 29. Qd3 Bxa1 30. Rxa1 Rc8 31. Ra6 Nc4 32. Rc6 Ne5 33. Rxc8+ Qxc8 34. Qb3 Qh3 35. Qe3 Nc4 36. Qf2 Qd7 37. b6 Qb5 38. Ke1 Qxb4+ 39. Kf1 Nxb6 40. Kg2 Nc4 41. Qa7 Qb2+ 42. Kh3 Qc3 43. Qb8+ Kg7 44. Kg2 Ne5 45. Qxd6 Qxf3+ 46. Kg1 Ng4 47. Qc7 Qf2+ 48. Kh1 Ne3 49. Qe5+ Kh7 50. Qh2 Qf3+ 51. Kg1 Qf1# 0-1


[Site "https://www.chess.com"]